 Dungeon Crawl Stone Soup version 0.18.1-1-g2f07953 (webtiles) character file.

62930 HungrySpirit the Executioner (level 15, -4/139 HPs)
             Began as a Hill Orc Gladiator on May 6, 2016.
             Was a High Priest of Okawaru.
             Slain by a sun demon (19 damage)
             ... summoned by an orc high priest
             ... on level 2 of the Orcish Mines.
             The game lasted 00:46:36 (24388 turns).

HungrySpirit the Executioner (Hill Orc Gladiator)  Turns: 24388, Time: 00:46:37

Health: -4/139     AC: 22    Str: 25    XL:     15   Next: 8%
Magic:  0/19       EV: 11    Int:  8    God:    Okawaru [*****.]
Gold:   1876       SH:  0    Dex: 11    Spells: 0 memorised, 14 levels left

rFire  . . .     SeeInvis .     U - +2 battleaxe (flame)
rCold  . . .     Gourm    .     O - +0 plate armour
rNeg   . . .     Faith    .     (shield currently unavailable)
rPois  +         Spirit   +     R - +2 hat {Spirit}
rElec  +         Dismiss  .     a - +2 cloak {MR+}
rCorr  .         Reflect  .     p - +0 pair of gloves
SustAt .         Harm     .     (no boots)
MR     +++..                    n - amulet of regeneration
Stlth  ..........               K - ring of poison resistance
                                I - ring of protection from magic

@: heroism, very slightly contaminated, extremely resistant to hostile
enchantments, extremely unstealthy
A: screaming 1, electricity resistance, subdued magic 1, sturdy frame 1
a: Heroism, Finesse, Renounce Religion


You were on level 2 of the Orcish Mines.
You worshipped Okawaru.
Okawaru was extremely pleased with you.
You were not hungry.

You visited 4 branches of the dungeon, and saw 22 of its levels.

You collected 2074 gold pieces.
You spent 198 gold pieces at shops.

Inventory:

Hand Weapons
 U - a +2 battleaxe of flaming (weapon)
Missiles
 d - 2 throwing nets (quivered)
Armour
 a - a +2 cloak of magic resistance (worn)
 p - a +0 pair of gloves (worn)
 O - a +0 plate armour (worn)
 R - a +2 hat of spirit shield (worn)
Jewellery
 n - an amulet of regeneration (around neck)
 t - an uncursed ring of resist corrosion
 x - an uncursed ring of protection from fire
 I - a ring of protection from magic (left hand)
 K - a ring of poison resistance (right hand)
Wands
 l - a wand of iceblast (0/15)
 G - a wand of confusion (16/48)
 M - a wand of lightning (0/15)
Scrolls
 b - 16 scrolls of remove curse
 j - 5 scrolls of amnesia
 o - 2 scrolls of enchant armour
 r - 5 scrolls of recharging
 s - a scroll of identify
 v - a scroll of fog
 z - 3 scrolls of fear
 A - 2 scrolls of immolation
 B - a scroll of enchant weapon
 C - 3 scrolls of noise
 D - 5 scrolls of teleportation
Potions
 e - a potion of cancellation
 i - 5 potions of agility
 k - 5 potions of curing
 m - 2 potions of berserk rage
 q - a potion of haste
 u - 4 potions of mutation
 F - 3 potions of flight
 L - 3 potions of resistance
 P - a potion of ambrosia
 Q - 7 potions of magic
Miscellaneous
 J - a phantom mirror
 S - a lamp of fire (inert)
Comestibles
 c - 18 chunks of flesh
 f - 14 bread rations
 g - 5 slices of pizza
 h - 3 royal jellies
 w - 7 meat rations


   Skills:
 + Level 14.5(19.5) Fighting
 + Level 24.1(27) Axes
 - Level 1.7(6.7) Throwing
 + Level 6.0(11.0) Armour
 - Level 3.5(8.5) Dodging
   Level 5.5(10.5) Shields
 + Level 5.6 Invocations


You had 14 spell levels left.
You didn't know any spells.

Dungeon Overview and Level Annotations

Branches:
Dungeon (11/15)            Temple (1/1) D:7            Lair (8/8) D:10
 Shoals (0/4) Lair:6       Spider (0/4) Lair:4        Slime (0/6) Lair:6
    Orc (2/2) D:11            Elf (0/3) Orc:2

Altars:
Ashenzari
Cheibriados
Dithmenos
Elyvilon
Fedhas
Gozag
Kikubaaqudgha
Makhleb
Nemelex Xobeh
Okawaru
Pakellas
Qazlal
Ru
Sif Muna
Trog
Vehumet
Xom
Yredelemnul
Zin
The Shining One

Shops:
D:6 *

Portals:
Hell: Lair:8


Innate Abilities, Weirdness & Mutations

You occasionally shout uncontrollably at your foes.
You are resistant to electric shocks.
Your spells are a little easier to cast, but a little less powerful.
Your movements are slightly less encumbered by armour (ER -2).


Message History

You closely miss the sun demon.
The sun demon is heavily wounded.
The sun demon hits you but does no damage.
You barely miss the sun demon.
The sun demon is heavily wounded.
You hit the sun demon.
The sun demon is heavily wounded.
The sun demon barely misses you.
Your plate armour prevents you from hitting the sun demon.
The sun demon is heavily wounded.
The sun demon hits you!!
* * * LOW HITPOINT WARNING * * *
You are engulfed in flames!
* * * LOW HITPOINT WARNING * * *
You slice the sun demon!!
The sun demon is severely wounded.
The sun demon hits you.
* * * LOW HITPOINT WARNING * * *
You are engulfed in flames!!
You die...

######## ######
.....#.## ##..#.##
........## #...3..#
.........####..#@##
..........#....###
..............##
..............#
.............## ###
............#.###.##
....ยง.....)#...#...###
..........))..#.#..#.##
..........))..........#


You could see a sun demon.

Vanquished Creatures
  Gastronok (D:8)
  A dire elephant (Lair:8)
  Nessos (Lair:5)
  Josephine (Lair:4)
  Snorg (Lair:8)
  A catoblepas (Lair:7)
  Harold (D:10)
  A centaur warrior (D:8)
  An orc high priest (Orc:2)
  A sun demon (Lair:8)
  A fire crab (Lair:8)
  A wizard (Lair:8)
  A hill giant (D:11)
  Pikel (D:6)
  2 griffons
  3 orc knights (Orc:2)
  An ugly thing (D:11)
  20 elephants
  The ghost of Sinerlol the Shield-Bearer, a novice GrFi of Okawaru (D:6)
  Maurice (D:10)
  5 black mambas
  Joseph (D:8)
  A smoke demon (Lair:8)
  3 orange demons (Lair:8)
  16 spiny frogs
  A kobold demonologist (D:11)
  4 rime drakes
  2 ice devils (Lair:8)
  3 red devils (Lair:8)
  8 komodo dragons
  A hellwing (Lair:8)
  A snapping turtle (Lair:6)
  26 blink frogs
  A boulder beetle (Lair:7)
  Sigmund (D:6)
  A spriggan (D:8)
  3 wraiths (Lair:4)
  49 yaks
  3 wyverns
  10 basilisks
  12 hippogriffs
  A warg (Orc:2)
  Menkaure (D:6)
  2 hell hounds (Lair:8)
  21 water moccasins
  19 porcupines
  14 orc warriors
  5 black bears
  An ice beast (D:7)
  A sky beast (D:11)
  A slave (D:6)
  The ghost of MDvedh the Chopper, an amateur MiBe of Trog (D:3)
  A phantom (D:10)
  9 centaurs
  8 ogres
  8 wolves
  14 crocodiles
  A big kobold (D:11)
  19 giant frogs
  A wyvern skeleton (D:8)
  3 scorpions
  A water moccasin zombie (D:8)
  An electric eel (Lair:6)
  6 howler monkeys
  2 crimson imps
  5 hounds
  20 orc priests
  2 giant frog skeletons
  11 jellies
  A centaur skeleton (D:6)
  8 iguanas
  21 orc wizards
  A hell rat (Lair:8)
  8 worker ants
  8 sheep (Lair:5)
  A hound skeleton (D:6)
  Robin (D:3)
  4 gnolls (Orc:1)
  10 adders
  58 river rats
  A shadow imp (D:11)
  5 oozes
  3 adder skeletons (D:4)
  8 worms
  2 dart slugs
  3 giant geckos
  69 orcs
  A ball python (D:2)
  6 giant cockroaches
  16 goblins
  9 hobgoblins
  14 jackals
  17 kobolds
  8 quokkas
  6 bats
  A giant gecko skeleton (D:4)
  6 giant newts
  A quokka zombie (D:8)
  8 rats
  A bush (Lair:4)
  9 fungi
  A plant (Lair:7)
689 creatures vanquished.

Vanquished Creatures (others)
  A black mamba (Lair:6)
  A blink frog (Lair:6)
  A crocodile (Lair:6)
  22 fungi
  15 plants
40 creatures vanquished.

Grand Total: 729 creatures vanquished

Notes
Turn   | Place    | Note
--------------------------------------------------------------
     0 | D:1      | HungrySpirit the Hill Orc Gladiator began the quest for the Orb.
     0 | D:1      | Reached XP level 1. HP: 18/18 MP: 1/1
   365 | D:1      | Reached XP level 2. HP: 21/25 MP: 2/2
   707 | D:1      | Reached skill level 5 in Axes
  1178 | D:2      | Reached XP level 3. HP: 18/30 MP: 3/3
  1783 | D:2      | Reached skill level 6 in Axes
  1833 | D:2      | Reached XP level 4. HP: 37/37 MP: 4/4
  2553 | D:3      | Found an oddly glowing altar of Pakellas.
  2570 | D:3      | Reached skill level 7 in Axes
  3031 | D:3      | Noticed MDvedh's ghost (amateur MiBe)
  3085 | D:3      | Reached XP level 5. HP: 32/42 MP: 5/5
  3268 | D:3      | Reached skill level 8 in Axes
  3525 | D:3      | Noticed Robin
  3540 | D:3      | Killed Robin
  3746 | D:3      | Killed MDvedh's ghost
  3746 | D:3      | Reached skill level 9 in Axes
  3746 | D:3      | Reached XP level 6. HP: 50/50 MP: 6/6
  4582 | D:4      | Reached skill level 10 in Axes
  4582 | D:4      | Reached XP level 7. HP: 49/56 MP: 7/7
  5029 | D:4      | Found a blossoming altar of Fedhas.
  5044 | D:4      | Found a glowing golden altar of the Shining One.
  5045 | D:4      | Found a shattered altar of Ashenzari.
  5251 | D:4      | Found a bloodstained altar of Trog.
  5487 | D:5      | Entered Level 5 of the Dungeon
  5709 | D:5      | Reached skill level 11 in Axes
  5800 | D:5      | Found a burning altar of Makhleb.
  6060 | D:5      | Found a snail-covered altar of Cheibriados.
  6316 | D:6      | Found a white marble altar of Elyvilon.
  6318 | D:6      | Noticed Menkaure
  6339 | D:6      | Killed Menkaure
  6339 | D:6      | Reached skill level 12 in Axes
  6339 | D:6      | Reached XP level 8. HP: 23/62 MP: 8/8
  6790 | D:6      | Reached skill level 13 in Axes
  7135 | D:6      | Noticed Sigmund
  7149 | D:6      | Killed Sigmund
  7205 | D:6      | Found Veite's Assorted Antiques.
  7219 | D:6      | Reached skill level 14 in Axes
  7228 | D:6      | Bought a pink potion for 18 gold pieces
  7228 | D:6      | Bought a worn bronze wand for 80 gold pieces
  7228 | D:6      | Bought a scroll labeled YFE ESIH NI CUOWN for 20 gold pieces
  7228 | D:6      | Bought a scroll labeled GEINKUALOS for 20 gold pieces
  7228 | D:6      | Bought a potion of curing for 60 gold pieces
  7325 | D:6      | Gained mutation: Your spells are a little easier to cast, but a little less powerful. [potion of mutation]
  7325 | D:6      | Gained mutation: You are resistant to electric shocks. [potion of mutation]
  7325 | D:6      | Gained mutation: You occasionally shout uncontrollably at your foes. [potion of mutation]
  7326 | D:6      | Gained mutation: Your movements are slightly less encumbered by armour (ER -2). [potion of beneficial mutation]
  7348 | D:6      | Noticed Pikel
  7393 | D:6      | Killed Pikel
  7393 | D:6      | Reached skill level 15 in Axes
  7393 | D:6      | Reached XP level 9. HP: 37/68 MP: 9/9
  7613 | D:6      | Noticed a moth of wrath
  7625 | D:6      | Noticed Sinerlol's ghost (novice GrFi)
  7699 | D:6      | Killed Sinerlol's ghost
  7829 | D:6      | Found a bloodstained altar of Trog.
  7984 | D:7      | Found a staircase to the Ecumenical Temple.
  8008 | Temple   | Entered the Ecumenical Temple
  8109 | D:7      | Found an iron altar of Okawaru.
  8313 | D:7      | Reached skill level 1 in Shields
  8323 | D:7      | Found a radiant altar of Vehumet.
  8664 | D:7      | Reached skill level 16 in Axes
  8734 | D:7      | Found a deep blue altar of Sif Muna.
  8853 | D:7      | Became a worshipper of Warmaster Okawaru
  8891 | D:8      | Noticed a centaur warrior
  8914 | D:8      | Killed a centaur warrior
  8914 | D:8      | Reached skill level 5 in Fighting
  8914 | D:8      | Reached XP level 10. HP: 70/81 MP: 10/10
  9001 | D:8      | Reached * piety under Okawaru
  9143 | D:8      | Noticed Joseph
  9167 | D:8      | Killed Joseph
  9243 | D:8      | Found a basalt altar of Yredelemnul.
  9373 | D:8      | Reached skill level 17 in Axes
  9383 | D:8      | Noticed Gastronok
  9409 | D:8      | Killed Gastronok
  9409 | D:8      | Reached ** piety under Okawaru
  9409 | D:8      | Reached skill level 5 in Shields
  9614 | D:9      | Reached XP level 11. HP: 89/91 MP: 9/11
 10089 | D:9      | Reached skill level 18 in Axes
 10220 | D:9      | Reached *** piety under Okawaru
 10689 | D:10     | Entered Level 10 of the Dungeon
 11025 | D:10     | Found a staircase to the Lair.
 11208 | D:10     | Noticed Maurice
 11218 | D:10     | Killed Maurice
 11306 | D:10     | Reached **** piety under Okawaru
 11308 | D:10     | Noticed Harold
 11329 | D:10     | Killed Harold
 11443 | D:10     | Reached skill level 19 in Axes
 11749 | D:10     | Reached ***** piety under Okawaru
 11940 | D:11     | Noticed a hill giant
 11955 | Lair:1   | Entered Level 1 of the Lair of Beasts
 12276 | Lair:1   | Received a gift from Okawaru
 12276 | Lair:1   | Reached XP level 12. HP: 62/106 MP: 2/12
 12281 | Lair:1   | Got a jewelled hat {god gift}
 12335 | Lair:1   | Identified the -5 hat of Lilacs {rElec Str+3 Dex+3} (Okawaru gifted it to you on level 1 of the Lair of Beasts)
 12863 | Lair:1   | Reached skill level 10 in Fighting
 12863 | Lair:1   | Reached skill level 20 in Axes
 15440 | Lair:4   | Found a hole to the Spider Nest.
 15565 | Lair:4   | Reached skill level 21 in Axes
 15566 | Lair:4   | Received a gift from Okawaru
 15713 | Lair:4   | Noticed Josephine
 15723 | Lair:4   | Killed Josephine
 16119 | Lair:5   | Reached XP level 13. HP: 67/116 MP: 2/13
 16637 | Lair:5   | Reached skill level 22 in Axes
 16868 | Lair:5   | Noticed Nessos
 16892 | Lair:5   | Killed Nessos
 17832 | Lair:6   | Found a staircase to the Slime Pits.
 18239 | Lair:6   | Found a staircase to the Shoals.
 19111 | Lair:7   | Received a gift from Okawaru
 19111 | Lair:7   | Reached skill level 23 in Axes
 19555 | Lair:7   | Reached XP level 14. HP: 77/129 MP: 1/14
 20088 | Lair:7   | Reached skill level 1 in Armour
 20407 | Lair:7   | Got a crude glass ring
 20479 | Lair:8   | Entered Level 8 of the Lair of Beasts
 20479 | Lair:8   | Noticed Snorg
 20481 | Lair:8   | Identified the ring "Muimud" {SustAt rElec rPois rF- Int+7} (You found it on level 7 of the Lair of Beasts)
 20929 | Lair:8   | Killed Snorg
 20929 | Lair:8   | Received a gift from Okawaru
 21048 | Lair:8   | Noticed a dire elephant
 21196 | Lair:8   | Received a gift from Okawaru
 21444 | Lair:8   | Reached skill level 1 in Invocations
 21477 | Lair:8   | Noticed a dire elephant
 21491 | Lair:8   | Killed a dire elephant
 21564 | Lair:8   | Found a burning altar of Makhleb.
 21966 | Lair:8   | Found a gateway to Hell.
 22138 | Lair:8   | Received a gift from Okawaru
 22546 | D:10     | Reached skill level 5 in Armour
 22562 | D:10     | Reached skill level 24 in Axes
 22635 | D:11     | Found a staircase to the Orcish Mines.
 23090 | Orc:1    | Entered Level 1 of the Orcish Mines
 23142 | Orc:2    | Entered Level 2 of the Orcish Mines
 23142 | Orc:2    | Found a staircase to the Elven Halls.
 23289 | Orc:1    | Reached skill level 5 in Invocations
 24131 | Orc:2    | Reached XP level 15. HP: 123/139 MP: 16/18
 24388 | Orc:2    | Slain by a sun demon

Skill      XL: |  1  2  3  4  5  6  7  8  9 10 11 12 13 14 15 |
---------------+----------------------------------------------+-----
Axes           | 5 6 7 9 10 12 15 16 17 19 21 23 24 | 24.1
Shields        | 3 5 |  5.5
Fighting       | 5 6 9 11 13 14 | 14.5
Armour         | 5 6 |  6.0
Dodging        | 3 |  3.5
Invocations    | 5 |  5.6
Throwing       | |  1.7

Action                   |  1- 3 |  4- 6 |  7- 9 | 10-12 | 13-15 || total
-------------------------+-------+-------+-------+-------+-------++-------
Melee: War axe           |   143 |   214 |   400 |   114 |       ||   871
       Battleaxe         |       |       |       |   612 |  1047 ||  1659
Throw: Throwing net      |       |       |     3 |     1 |     3 ||     7
Invok: Heroism           |       |       |       |     6 |    17 ||    23
       Finesse           |       |       |       |       |     1 ||     1
Evoke: Wand              |       |     2 |    10 |    14 |    13 ||    39
       Lamp of fire      |       |       |       |       |     1 ||     1
  Use: Potion            |       |     2 |     3 |       |     7 ||    12
       Scroll            |       |     1 |     6 |    18 |    16 ||    41
 Stab: Held in net/web   |       |       |       |     1 |       ||     1
  Eat: Chunk             |     3 |     7 |    13 |    16 |    11 ||    50
       Beef jerky        |       |     2 |       |       |     3 ||     5
       Fruit             |       |       |       |     9 |    15 ||    24
Armor: Chain mail        |    86 |   141 |   145 |       |       ||   372
       Leather armour    |     1 |       |       |       |       ||     1
       Plate armour      |       |       |    41 |   362 |   454 ||   857
Dodge: Dodged            |    69 |    85 |   133 |   224 |   322 ||   833
